 Dungeon Crawl Stone Soup version 0.18-a0-1443-ge8f1551 (webtiles) character file.

2254 Melyas the Ducker (level 9, -3/70 HPs)
             Began as a Red Draconian Ice Elementalist on Mar 1, 2016.
             Was a Follower of Qazlal.
             Slain by a killer bee (6 damage)
             ... on level 7 of the Dungeon.
             The game lasted 02:31:20 (11937 turns).

Melyas the Ducker (Red Draconian Ice Elementalist) Turns: 11937, Time: 02:31:20

Health: -3/70      AC:  7    Str: 12    XL:     9   Next: 15%
Magic:  17/17      EV: 13    Int: 15    God:    Qazlal [*.....]
Gold:   482        SH:  2    Dex: 12    Spells: 3 memorised, 11 levels left

rFire  + . .     SeeInvis .     V - -2 halberd (curse)
rCold  + . .     Gourm    +     (armour unavailable)
rNeg   . . .     Faith    .     (shield currently unavailable)
rPois  .         Spirit   .     (helmet restricted)
rElec  .         Dismiss  .     y - +2 cloak
rCorr  .         Reflect  .     (no gloves)
SustAt .         Harm     .     (no boots)
MR     .....                    K - amulet of the gourmand
Stlth  ++........               o - -3 ring of protection (curse)
                                g - +3 ring of evasion

@: lethally poisoned (-3 -> -12), not resistant to hostile enchantments,
unstealthy
A: breathe fire, unfitting armour, stinger 1, cold resistance 1, dopey 1, fire
resistance 1, high mp 1, cold-blooded, AC +7
a: Breathe Fire, Renounce Religion


You were on level 7 of the Dungeon.
You worshipped Qazlal.
Qazlal was aware of your devotion.
You were full.

You visited 2 branches of the dungeon, and saw 7 of its levels.

You collected 482 gold pieces.

Inventory:

Hand Weapons
 d - a +0 great mace
 f - a +0 giant club
 k - a +3 short sword of draining
 q - a +0 war axe
 t - a +1 dagger of electrocution
 G - a +0 flail
 I - a +0 shortbow
 V - a cursed -2 halberd (weapon)
Missiles
 c - 210 stones
 m - 45 poisoned needles (quivered)
 u - 136 arrows
 x - 19 bolts
 L - 5 tomahawks of returning
Armour
 j - a +0 shield
 l - a cursed +0 robe
 y - a +2 cloak (worn)
 z - a +0 plate armour
 F - a +0 scale mail
 H - a +0 leather armour
Jewellery
 g - a +3 ring of evasion (left hand)
 o - a cursed -3 ring of protection (right hand)
 E - an uncursed ring of resist corrosion
 K - an amulet of the gourmand (around neck)
 R - an uncursed amulet of regeneration {unknown}
Wands
 n - a wand of confusion (5/48)
 D - a wand of random effects (36/48)
Scrolls
 h - a scroll of fear
 s - a scroll of enchant weapon
 v - a scroll of amnesia
 B - a scroll of fog
 C - a scroll of blinking
 J - a scroll of recharging
 P - a scroll of magic mapping {unknown}
 Q - a scroll of noise
 S - a scroll of enchant armour {unknown}
Potions
 e - 2 potions of invisibility
 p - 2 potions of magic
 r - a potion of berserk rage
 M - a potion of haste
 T - 2 potions of cure mutation {unknown}
Books
 a - a book of Frost

   Spells                             Type                      Level
   a - Freeze                         Ice                          1
   b - Throw Frost                    Conjuration/Ice              2
   c - Ozocubu's Armour               Charms/Ice                   3
   d - Throw Icicle                   Conjuration/Ice              4
   e - Summon Ice Beast               Ice/Summoning                4
 w - a book of Conjurations

   Spells                             Type                      Level
   a - Magic Dart                     Conjuration                  1
   b - Searing Ray                    Conjuration                  2
   c - Dazzling Spray                 Conjuration/Hexes            3
   d - Fulminant Prism                Conjuration/Hexes            4
   e - Iskenderun's Mystic Blast      Conjuration                  4
   f - Iskenderun's Battlesphere      Conjuration/Charms           5
Comestibles
 b - 2 bread rations
 i - 3 beef jerkies
 A - 5 fruits
 N - a slice of pizza
 O - a royal jelly


   Skills:
 + Level 3.5 Fighting
 + Level 2.7 Short Blades
 + Level 0.8(2.0) Axes
 + Level 2.8(2.9) Maces & Flails
 + Level 0.3 Throwing
 + Level 6.9 Dodging
 + Level 3.5 Stealth
 + Level 2.0 Shields
 + Level 4.6 Spellcasting
 + Level 2.3 Conjurations
 + Level 0.1 Charms
 + Level 4.2 Ice Magic


You had 11 spell levels left.
You knew the following spells:

 Your Spells              Type           Power        Failure   Level  Hunger
a - Freeze                Ice            ###.         3%          1    None
b - Throw Frost           Conj/Ice       ##....       10%         2    ##.....
c - Ozocubu's Armour      Chrm/Ice       ##......     24%         3    ###....


Dungeon Overview and Level Annotations

Branches:
Dungeon (7/15)             Temple (1/1) D:5

Altars:
Ashenzari
Cheibriados
Fedhas
Gozag
Makhleb
Nemelex Xobeh
Okawaru
Pakellas
Qazlal
Ru
Sif Muna
Xom
Yredelemnul
Zin


Innate Abilities, Weirdness & Mutations

You can breathe blasts of fire.
Your fiery red scales are hard (AC +7).
Your body does not fit into most forms of armour.
Your flesh is heat resistant.
You are cold-blooded and may be slowed by cold attacks.
Your tail ends in a poisonous barb.
Your flesh is cold resistant.
You are dopey. (Int -2)
You have an increased reservoir of magic (+10% MP).


Message History

The killer bee closely misses you. The killer bee barely misses you.
The killer bee stings you.
* * * LOW HITPOINT WARNING * * *
The killer bee misses you. The killer bee stings you.
* * * LOW HITPOINT WARNING * * *
You are more poisoned.
The killer bee poisons you!
* * * LOW HITPOINT WARNING * * *
You feel sick.
* * * LOW HITPOINT WARNING * * *
You feel sick. The killer bee closely misses you.
The killer bee completely misses you.
* * * LOW HITPOINT WARNING * * *
You feel sick.
There is an escape hatch in the floor here.
* * * LOW HITPOINT WARNING * * *
You feel sick. The killer bee closely misses you.
The killer bee stings you but does no damage.
The killer bee stings you.
You die...

#...# ## . .....##.# #...
####).###.# . .#...##.# #...
......#... #. ..##..##.# #...
......#.#.### .##..##.### ####
........# ..#####.##..#....#
......#.# #.##....##....)..######
......#.###.##...####.#..........
......#......#.#.#...............
................@yy..............
......#.#....###yy.......##.#####
......#.###### #.y..........#
....#.#.# #..........###
###.##### # ##.........# #.#
##8## ##.......## #.#
8...8##........# #.#
.....##.....#..# #.#>
....._#........#


You could see 5 killer bees.

Vanquished Creatures
  A hippogriff (D:7)
  A black bear (D:6)
  An ice beast (D:6)
  4 centaurs
  An ogre (D:6)
  2 giant frogs
  3 scorpions
  6 killer bees (D:7)
  2 howler monkeys (D:5)
  The ghost of Amnesiac the Insei, a weakling OpTm (D:4)
  A crimson imp (D:5)
  A jelly (D:5)
  5 orc priests
  2 centaur skeletons
  A gnoll shaman (D:7)
  2 hounds
  2 iguanas
  3 orc wizards
  5 worker ants
  A killer bee zombie (D:5)
  A hound zombie (D:7)
  A hound skeleton (D:4)
  A howler monkey skeleton (D:5)
  8 adders
  6 gnolls (D:7)
  An ooze (D:1)
  An adder zombie (D:5)
  A worm (D:5)
  2 dart slugs (D:1)
  4 giant geckos
  11 orcs (D:5)
  A ball python (D:4)
  5 giant cockroaches
  8 hobgoblins (D:1)
  10 jackals
  8 kobolds
  3 quokkas
  5 bats
  5 giant newts
  6 goblins
  5 rats
138 creatures vanquished.

Notes
Turn   | Place    | Note
--------------------------------------------------------------
     0 | D:1      | Melyas the Draconian Ice Elementalist began the quest for the Orb.
     0 | D:1      | Reached XP level 1. HP: 14/14 MP: 3/3
   234 | D:1      | Reached skill level 2 in Dodging
   466 | D:1      | Reached XP level 2. HP: 17/20 MP: 3/5
   602 | D:1      | Learned a level 2 spell: Throw Frost
  1389 | D:1      | Reached XP level 3. HP: 26/26 MP: 3/6
  1718 | D:1      | Learned a level 3 spell: Ozocubu's Armour
  2736 | D:2      | Reached XP level 4. HP: 22/34 MP: 7/7
  2972 | D:2      | Reached skill level 1 in Shields
  3360 | D:2      | Found a faded altar to an unknown god.
  3372 | D:2      | Became a worshipper of Gozag Ym Sagoz the Greedy
  3592 | D:2      | Learned a level 3 spell: Ozocubu's Armour
  3642 | D:2      | You fall through a shaft for 2 floors!
  3851 | D:4      | Noticed a giant frog
  3867 | D:4      | Killed a giant frog
  3867 | D:4      | Reached skill level 3 in Dodging
  3867 | D:4      | Reached XP level 5. HP: 13/39 MP: 6/8
  3996 | D:4      | Noticed Amnesiac's ghost (weakling OpTm)
  4007 | D:4      | Killed Amnesiac's ghost
  4712 | D:4      | Gained mutation: Your tail ends in a poisonous barb. [potion of beneficial mutation]
  4730 | D:4      | Reached skill level 1 in Fighting
  4730 | D:4      | Reached skill level 1 in Short Blades
  4730 | D:4      | Reached XP level 6. HP: 45/47 MP: 9/9
  5205 | D:5      | Entered Level 5 of the Dungeon
  5434 | D:5      | Reached skill level 4 in Dodging
  5710 | D:5      | Found a staircase to the Ecumenical Temple.
  5841 | Temple   | Entered the Ecumenical Temple
  6146 | Temple   | Fell from the grace of Gozag
  6146 | Temple   | Became a worshipper of Qazlal Stormbringer
  6588 | D:5      | Gained mutation: You are dopey. (Int -2) [potion of mutation]
  6588 | D:5      | Gained mutation: You have an increased reservoir of magic (+10% MP). [potion of mutation]
  6588 | D:5      | Gained mutation: Your flesh is cold resistant. [potion of mutation]
  6903 | D:5      | Your scales start taking on a fiery red colour.
  6903 | D:5      | Reached XP level 7. HP: 24/55 MP: 1/12
  6903 | D:5      | Gained mutation: Your flesh is heat resistant. [Red Draconian growth]
  7218 | D:5      | Reached skill level 1 in Maces & Flails
  8344 | D:5      | Was forgiven by Gozag
  8344 | D:5      | Reached skill level 5 in Dodging
  8624 | D:6      | Reached XP level 8. HP: 8/62 MP: 9/14
  8785 | D:6      | Reached * piety under Qazlal
  9095 | D:6      | HP: 1/63 [orc priest/nerve-wracking pain (6)]
  9638 | D:6      | Found a glowing silver altar of Zin.
 10062 | D:6      | Reached skill level 6 in Dodging
 10686 | D:7      | Found a burning altar of Makhleb.
 11148 | D:7      | Reached XP level 9. HP: 67/70 MP: 17/17
 11937 | D:7      | HP: 3/70 [poisoned by a killer bee]
 11937 | D:7      | Slain by a killer bee

Vault maps used:
D:1:      elethiomel_arrival_fortress_basement, st_stairs_4,
          minmay_misc_feat_cross, minmay_distorted
D:2:      ecumenical_altar_2, kennysheep_cross_bottleneck
D:4:      first_bread
D:5:      minmay_temple_entry_metal_lava
D:6:      lemuel_crystal_altar
D:7:      nicolae_overflow_hidden_temple, nicolae_ossuary_entry_catacombs
Temple:   water_room_temple_b_12

Skill      XL: |  1  2  3  4  5  6  7  8 |
---------------+-------------------------+-----
Dodging        | 2 3 4 5 6 |  6.9
Stealth        | 2 3 |  3.5
Shields        | 1 2 |  2.0
Fighting       | 1 2 3 |  3.5
Short Blades   | 1 2 |  2.7
Ice Magic      | 3 4 |  4.2
Spellcasting   | 3 4 |  4.6
Maces & Flails | 2 |  2.8
Conjurations   | 2 |  2.3
Axes           | |  0.8
Throwing       | |  0.3
Charms         | |  0.1

Action                   |  1- 3 |  4- 6 |  7- 9 || total
-------------------------+-------+-------+-------++-------
Melee: Unarmed           |     5 |       |       ||     5
       Club              |    15 |       |       ||    15
       Dagger            |    82 |       |       ||    82
       Short sword       |    20 |   118 |   121 ||   259
       War axe           |       |    39 |       ||    39
       Great mace        |       |    20 |    18 ||    38
       Flail             |       |       |    85 ||    85
       Halberd           |       |       |     8 ||     8
Throw: Stone             |    24 |       |       ||    24
 Cast: Freeze            |    16 |     4 |    26 ||    46
       Throw Frost       |    10 |    12 |    34 ||    56
       Ozocubu's Armour  |       |     1 |     1 ||     2
Invok: Potion Petition   |       |     1 |       ||     1
 Abil: Breathe Fire      |       |       |    16 ||    16
Evoke: Wand              |       |     1 |     1 ||     2
  Use: Scroll            |     2 |     5 |     9 ||    16
       Potion            |     2 |     2 |     4 ||     8
 Stab: Sleeping          |       |     1 |       ||     1
       Distracted        |       |       |     2 ||     2
  Eat: Chunk             |     3 |       |    17 ||    20
       Bread ration      |     1 |     2 |     1 ||     4
       Pizza             |       |     1 |       ||     1
       Meat ration       |       |     1 |     1 ||     2
       Fruit             |       |       |     1 ||     1
